 Dungeon Crawl Stone Soup version 0.29-a0-911-g88e6f02907 (webtiles) character file.

Game seed: 104566491388146934

238 Aviak the Magician (level 6, -7/47 HPs)
             Began as a Djinni Conjurer on July 25, 2022.
             Mangled by Pikel
             ... wielding a +2 whip of electrocution
              (16 damage)
             ... on level 4 of the Dungeon.
             The game lasted 00:06:23 (4209 turns).

Aviak the Magician (Djinni Conjurer)                Turns: 4209, Time: 00:06:23

Health: -7/47      AC:  2    Str:  6    XL:     6   Next: 28%
Gold:   184        EV: 12    Int: 25    God:
                   SH:  5    Dex: 18

rFire   + + .      SeeInvis .   p - +1 short sword "Pirent" {freeze, rC+ Int-2 Dex+6}
rCold   . . .      Faith    .   (no shield)
rNeg    + . .      Spirit   .   a - +0 robe
rPois   ∞          Reflect  +   (no helmet)
rElec   .          Harm     .   (no cloak)
rCorr   .          Rampage  .   (no gloves)
Will    .....                   (boots unavailable)
Stlth   ++........              i - amulet of reflection
HPRegen 0.15/turn               l - ring of positive energy
MPRegen 0.00/turn               r - +6 ring of intelligence

@: flying
A: sickness immunity, fire resistance 2, cold vulnerability 1, float, innate
caster, HP casting, extra vitality 1
a: no special abilities


You were on level 4 of the Dungeon.
You visited 1 branch of the dungeon, and saw 4 of its levels.

You collected 184 gold pieces.

Inventory:

Hand Weapons
 e - a +0 dagger
 p - the +1 short sword "Pirent" (weapon) {freeze, rC+ Int-2 Dex+6}
   (You found it on level 2 of the Dungeon)

   It freezes those it strikes, dealing additional cold damage.
   It can also slow down cold-blooded creatures.
   Int:       It affects your intelligence (-2).
   Dex:       It affects your dexterity (+6).
   rC:        It protects you from cold.
Armour
 a - a +0 robe (worn)
Jewellery
 i - an amulet of reflection (around neck)
 l - a ring of positive energy (left hand)
 r - a +6 ring of intelligence (right hand)
Scrolls
 b - a scroll of butterflies {unknown}
 c - a scroll of silence {unknown}
 f - a scroll of vulnerability {unknown}
 h - 2 scrolls of amnesia {unknown}
 k - 2 scrolls of identify {unknown}
 m - a scroll of blinking {unknown}
 o - a scroll of enchant armour {unknown}
 s - a scroll of teleportation {unknown}
Potions
 d - a potion of curing {unknown}
 g - a potion of resistance {unknown}
 j - 2 potions of attraction {unknown}
 n - a potion of flight {unknown}
 q - 3 potions of mutation {unknown}
 t - a potion of haste {unknown}


   Skills:
 + Level 3.9 Fighting
 - Level 2.1 Dodging
 - Level 1.5 Stealth
 + Level 4.5 Spellcasting


You couldn't memorise any spells.
You knew the following spells:

 Your Spells              Type           Power      Damage    Failure   Level
a - Magic Dart            Conj           100%       1d8       1%          1
b - Searing Ray           Conj           56%        2d6       1%          2
c - Dazzling Flash        Conj/Hex       56%        N/A       4%          3
d - Fulminant Prism       Conj/Hex       14%        3d9       13%         4
e - Iskenderun's Mystic   Conj/Tloc      28%        2d7       13%         4
f - Summon Small Mammal   Summ           100%       N/A       1%          1
g - Call Imp              Summ           28%        N/A       1%          2
Your spell library was empty.

Dungeon Overview and Level Annotations

Branches:
Dungeon (4/15) Zot: 19791
 Temple: D:4-7

Altars:

Annotations:
D:4 Pikel


Innate Abilities, Weirdness & Mutations

You are immune to sickness and miasma.
You are immune to poison.
Your flesh is very heat resistant. (rF++)
You are vulnerable to cold. (rC-)
You float through the air rather than walking.
You learn spells naturally, not from books.
Your magical power is your life essence.
You have superior vitality. (+4 MHP)


Message History

Casting: Magic Dart (safe; 1% risk of failure)
Confirm with . or Enter, or press ? or * to list all spells.
You don't know that spell.
Unknown command.
Casting: Magic Dart (safe; 1% risk of failure)
Confirm with . or Enter, or press ? or * to list all spells.
Aiming: Searing Ray (safe; 1% risk of failure)
Press: ? - help, Shift-Dir - straight line, f - Pikel
Aim: Pikel, wielding a +2 whip of electrocution and wearing a +0 robe (74% to hit)
Okay, then.
Casting: Searing Ray (safe; 1% risk of failure)
Confirm with . or Enter, or press ? or * to list all spells.
You can't see any susceptible monsters within range! (Use Z to cast anyway.)
Casting: Searing Ray (safe; 1% risk of failure)
Confirm with . or Enter, or press ? or * to list all spells.
Aiming: Searing Ray (safe; 1% risk of failure)
Press: ? - help, Shift-Dir - straight line, f - Pikel
Aim: Pikel, wielding a +2 whip of electrocution and wearing a +0 robe (74% to hit)
The searing ray hits Pikel!
Pikel is moderately wounded. (Press . to maintain the ray.) Pikel drinks a potion.
Pikel flickers and vanishes!
Deactivating autopickup; reactivate with Ctrl-A.
You finish channelling your searing ray.
Casting: Searing Ray (safe; 1% risk of failure)
Confirm with . or Enter, or press ? or * to list all spells.
Casting: Dazzling Flash (dangerous; 4% risk of failure)
Press: ? - help, Dir - look around, f - activate The lemure is dazzled.
Something hits you.
You are electrocuted!
There is an open door here.
Casting: Dazzling Flash (dangerous; 4% risk of failure)
Confirm with . or Enter, or press ? or * to list all spells.
The spell is quite dangerous to miscast (13% risk of failure)!
Continue anyway?
Okay, then.
Casting: Iskenderun's Mystic Blast (quite dangerous; 13% risk of failure)
Confirm with . or Enter, or press ? or * to list all spells.
Something hits you!
* * * LOW HITPOINT WARNING * * *
You are electrocuted!
You die...

#.# #........# #.#
#.###....# ##.####.#
#....# ........# #....#
.....##.# ###### ####
.....######### ####.[...
.............# #r5.5....
...).........# #.#
.............###@##
.............#....# ..
.............#....#....
#####........'..........
#.........#.....#####
#.........#.....#
#....###+##.....# #
#.... #.....# ...
#.....#


You could see a lemure (blind, ally target) and a friendly rat (summoned).

Vanquished Creatures
  2 lemures (D:3)
  A hound (D:4)
  2 orc priests (D:3)
  An iguana (D:3)
  4 adders
  6 dart slugs
  8 orcs
  4 ball pythons
  6 endoplasms
  2 giant cockroaches
  7 goblins
  8 hobgoblins
  3 quokkas
  3 bats
  2 frilled lizards (D:2)
  6 kobolds
  3 rats
68 creatures vanquished.

Notes
Turn   | Place    | Note
-------+----------+-------------------------------------------
     0 | D:1      | Aviak the Djinni Conjurer began the quest for the Orb.
     0 | D:1      | Aviak set off with the following spells memorised: Magic
                  | Dart, Searing Ray, Dazzling Flash, Fulminant Prism,
                  | Iskenderun's Mystic Blast.
     0 | D:1      | Reached XP level 1. HP: 15/15 MP: 0/0
   259 | D:1      | Reached XP level 2. HP: 16/22 MP: 0/0
   403 | D:1      | Reached skill level 1 in Fighting
   885 | D:1      | Found a faded altar of an unknown god.
  1125 | D:1      | Reached XP level 3. HP: 23/27 MP: 0/0
  1125 | D:1      | Learned a level 1 spell: Summon Small Mammal
  1665 | D:2      | Reached XP level 4. HP: 28/33 MP: 0/0
  1809 | D:2      | Identified the +1 short sword "Pirent" {freeze, rC+ Int-2
                  | Dex+6}
  2291 | D:3      | Reached skill level 4 in Spellcasting
  2306 | D:3      | Reached XP level 5. HP: 27/40 MP: 0/0
  2306 | D:3      | Learned a level 2 spell: Call Imp
  3368 | D:4      | Noticed a lemure
  3370 | D:4      | Noticed a lemure
  3371 | D:4      | Noticed Pikel
  3372 | D:4      | Noticed a lemure
  3376 | D:4      | Noticed a lemure
  3385 | D:3      | Killed a lemure
  3388 | D:3      | Killed a lemure
  3728 | D:4      | Reached XP level 6. HP: 43/47 MP: 0/0
  4209 | D:4      | Mangled by Pikel

Illustrated notes

Levels and vault maps discovered:
D:1:      psy_arrival_basics, layout_loops_corners,
          shapermc_ecumenical_altar_mp_ritualfount
D:2:      layout_basic, grunt_ministairs_11
D:3:      layout_loops_ring, serial_glass, glass_columns_b, glass_columns_a,
          minmay_strange_pillars
D:4:      layout_basic, uniq_pikel, uniq_ijyb, uniq_menkaure

Skill      XL: |  1  2  3  4  5 |
---------------+----------------+-----
Fighting       | 1 2 3 |  3.9
Spellcasting   | 4 |  4.5
Dodging        | |  2.1
Stealth        | |  1.5

Action                   |  1- 3 |  4- 6 || total
-------------------------+-------+-------++-------
Melee: Short sword       |       |    14 ||    14
 Cast: Magic Dart        |    37 |    49 ||    86
       Searing Ray       |     6 |    14 ||    20
       Dazzling Flash    |       |     4 ||     4
       Summon Small Mamm |       |     1 ||     1
 Stab: Sleeping          |       |     1 ||     1
Armor: Robe              |       |     3 ||     3
Dodge: Dodged            |       |    17 ||    17
Block: Other             |     1 |     8 ||     9

Table legend: (Time is in decaauts)
 A = Elapsed time spent in this place.
 B = Non-inter-level travel time spent in this place.
 C = Inter-level travel time spent in this place.
 D = Time resting spent in this place.
 E = Time spent auto-exploring this place.
 F = Levels seen in this place.
 G = Mean time per level.
                   A        B        C        D        E       F      G
               +--------+--------+--------+--------+--------+-----+--------+
         Total |   4207 |   4168 |     39 |    284 |   3506 |   4 | 1051.8 |
       Dungeon |   4207 |   4168 |     39 |    284 |   3506 |   4 | 1051.8 |
               +--------+--------+--------+--------+--------+-----+--------+

Top non-repeatable levels by time:
     D:1: 1349 daAuts
     D:3: 1286 daAuts
     D:2: 850 daAuts
     D:4: 721 daAuts
